 Dungeon Crawl Stone Soup version 0.15.2 (webtiles) character file.

257 HiobMontag the Skirmisher (level 6, -3/53 HPs)
             Began as a Hill Orc Fighter on Dec 10, 2014.
             Slain by a slave (7 damage)
             ... led by Pikel
             ... on Level 4 of the Dungeon.
             The game lasted 00:09:33 (2759 turns).

HiobMontag the Skirmisher (Hill Orc Fighter)        Turns: 2759, Time: 00:09:33

HP  -3/53        AC  8     Str 21      XL: 6   Next: 16%
MP   6/6         EV  7     Int  8      God:
Gold 168         SH  9     Dex 10      Spells:  0 memorised,  5 levels left

rFire  . . .     SeeInvis .     r - +0 spear
rCold  . . .     Clarity  .     b - +0 scale mail
rNeg   . . .     rCorr    .     c - +0 shield
rPois  .         rRot     .     (no helmet)
rElec  .         Spirit   .     u - +0 cloak
SustAb .         Warding  .     (no gloves)
rMut   .         Stasis   .     (no boots)
Gourm  +                        n - amulet of the gourmand
MR     .....                    (no ring)
                                w - ring of regeneration

@: not resistant to hostile enchantments, extremely unstealthy
A: no striking features
a: no special abilities


You were on level 4 of the Dungeon.
You were not hungry.

You visited 2 branches of the dungeon, and saw 5 of its levels.

You collected 168 gold pieces.

Inventory:

Hand weapons
 a - a +0 trident
 r - a +0 spear (weapon)
Armour
 b - a +0 scale mail (worn)
 c - a +0 shield (worn)
 u - a +0 cloak (worn)
Comestibles
 d - a meat ration
 f - 3 fruits
 k - 3 beef jerkies
 o - a rotting chunk of adder flesh
Scrolls
 h - 2 scrolls of recharging {unknown}
 i - 4 scrolls of teleportation {unknown}
 j - a scroll of blinking {unknown}
 m - a scroll of amnesia {unknown}
Jewellery
 n - an amulet of the gourmand (around neck)
 s - an uncursed ring of magical power {unknown}
 w - a ring of regeneration (left hand)
Potions
 e - a potion of might
 g - a potion of invisibility
 l - a potion of magic {unknown}
 p - 2 potions of agility {unknown}
 q - a potion of brilliance {unknown}
 t - a potion of mutation {unknown}
 v - a potion of heal wounds {unknown}


   Skills:
 + Level 4.7 Fighting
 + Level 3.5 Polearms
 + Level 4.4 Armour
 + Level 2.2 Dodging
 + Level 0.3 Stealth
 + Level 4.1 Shields


You had 5 spell levels left.
You didn't know any spells.

Dungeon Overview and Level Annotations

Branches:
Dungeon (4/15)             Temple (1/1) D:4

Altars:
Ashenzari
Dithmenos
Elyvilon
Fedhas
Kikubaaqudgha
Makhleb
Nemelex Xobeh
Trog
Xom
The Shining One

Annotations:
D:4 Pikel


Message History

Pikel is moderately wounded.
Pikel barely misses you. The slave hits you.
The slave hits you but does no damage.
Your shield and scale mail prevent you from hitting Pikel.
Pikel is moderately wounded.
Pikel barely misses you. The slave hits you. The slave hits you.
* * * LOW HITPOINT WARNING * * *
You hit the slave.
The slave is lightly wounded.
Pikel hits you but does no damage. The slave hits you but does no damage.
You block the slave's attack.
You closely miss the slave.
The slave is lightly wounded.
Pikel barely misses you. The slave hits you!
* * * LOW HITPOINT WARNING * * *
The slave hits you but does no damage.
You hit the slave.
The slave is lightly wounded.
You block Pikel's attack. The slave hits you!
You die...

..........####
...>...#...... ..
.............. ...
.......#.#### .....
.........# ......
.#.#.#.#.# #......
.........### ##Kp.....
#####......#####pKp...#
##......[(..p@#
####.........#####
...)......####
...###..### ..## ####
..# ..# ..# ..#


You could see Pikel, 4 slaves and a kobold.

Vanquished Creatures
  A hound (D:4)
  2 orc wizards
  5 gnolls (D:2)
  4 adders
  3 worms
  5 giant geckos
  7 orcs
  6 bats
  7 goblins
  9 hobgoblins
  3 jackals (D:4)
  2 giant cockroaches
  4 giant newts
  A hobgoblin skeleton (D:4)
  3 kobolds
  7 rats
69 creatures vanquished.

Notes
Turn   | Place    | Note
--------------------------------------------------------------
     0 | D:1      | HiobMontag, the Hill Orc Fighter, began the quest for the Orb.
     0 | D:1      | Reached XP level 1. HP: 19/19 MP: 1/1
   157 | D:1      | Reached XP level 2. HP: 27/27 MP: 2/2
   283 | D:1      | Reached skill level 4 in Fighting
   595 | D:1      | Reached XP level 3. HP: 33/33 MP: 3/3
  1128 | D:2      | Reached XP level 4. HP: 31/40 MP: 4/4
  1146 | D:2      | Reached skill level 1 in Dodging
  1637 | D:3      | Found a white marble altar of Elyvilon.
  1695 | D:3      | Reached XP level 5. HP: 44/47 MP: 5/5
  1756 | D:3      | Found a shimmering altar of Xom.
  1919 | D:3      | Found a shadowy altar of Dithmenos.
  2300 | D:4      | Found a staircase to the Ecumenical Temple.
  2368 | D:4      | Reached XP level 6. HP: 47/53 MP: 6/6
  2434 | Temple   | Entered the Ecumenical Temple
  2727 | D:4      | Noticed a slave
  2728 | D:4      | Noticed a slave
  2729 | D:4      | Noticed Pikel
  2729 | D:4      | Noticed a slave
  2729 | D:4      | Noticed a slave
  2759 | D:4      | Slain by a slave

Action                   |  1- 3 |  4- 6 || total
-------------------------+-------+-------++-------
Melee: Trident           |   102 |    46 ||   148
       Spear             |       |   237 ||   237
  Use: Scroll            |     1 |     4 ||     5
  Eat: Chunk             |     6 |     6 ||    12
